 Dungeon Crawl Stone Soup version 0.9.0-27-g8a39726 character file.

2160156 Yermak the Ninja (level 27, 176/176 HPs)
             Began as a Spriggan Assassin on Nov 25, 2011.
             Was the Champion of Okawaru.
             Escaped with the Orb
             ... and 5 runes on Nov 26, 2011!
             The game lasted 14:45:00 (140347 turns).

Yermak the Ninja (Spriggan Assassin)              Turns: 140347, Time: 14:45:00

HP 176/176       AC 15     Str 14      XL: 27
MP  48/48        EV 46     Int 14 (15) God: Okawaru [******]
Gold 8327        SH 25     Dex 33      Spells: 11 memorised, 44 levels left

Res.Fire  : + . .   See Invis. : +   a - +11,+7 quick blade (stab) {god gift}
Res.Cold  : + + .   Warding    : . . K - +4 robe of Augmentation {god gift, Str+4 D Life Prot.: . . . Conserve : + v - +2 elf buckler {rflct} Res.Acid. : + . . Res.Corr. : + G - +4 wizard hat of Thacw {god gift, Str+3 In
Res.Poison: +       Clarity    : +   Q - +2 cloak {rCorr, Cons}
Res.Elec. : +       Spirit.Shd : .   (gloves unavailable)
Sust.Abil.: . .     Stasis     : .   (boots unavailable)
Res.Mut.  : .       Ctrl.Telep.: x   e - amulet "Lyppaodi" {Clar +Lev rElec rC+ SIn Res.Rott. : . Levitation : . A - ring of Nisoimank {MR Stlth++} Saprovore : . . . Ctrl.Flight: . q - +0,+5 ring of slaying

@: very quick, incredibly resistant to hostile enchantments, uncannily stealthy
A: unfitting armour, see invisible, blink 1, cold resistance 1, fire resistance
1, herbivore 3, speed 3, sense surroundings 1, poison resistance, slow healing
2, slow metabolism 3, spit poison 2, AC +2
a: Spit Poison, Blink, Heroism, Finesse, Renounce Religion, Evoke Levitation
}: 5/15 runes: decaying, barnacled, slimy, silver, icy


You escaped.
You worshipped Okawaru.
Okawaru was exalted by your worship.
You were very full.

You visited 16 branches of the dungeon, and saw 92 of its levels.
You visited 1 Labyrinth.
You visited 2 bazaars.
You visited 3 portal chambers: ice cave, wizlab, trove.

You collected 10473 gold pieces.
You spent 2196 gold pieces at shops.

Inventory:

Hand weapons
 a - a +11,+7 quick blade of stabbing (weapon) {god gift}
 y - the +9,+9 Sword of Zonguldrok {god gift, unknown, reap, Curse}
   (Okawaru gifted it to you on level 14 of the Dungeon)

   If a monster killed with it leaves a corpse in good enough shape, the corpse
   will be animated as a zombie friendly to the killer.
   It may recurse itself.
 L - the +9,+12 sling "Punk" {frost, rC+}
   (You found it on level 5 of the Elven Halls)

   It turns projectiles fired from it into bolts of frost.
   It protects you from cold.
 S - the +5,+8 glaive of the Guard {unknown, elec, +Rage AC+5 SInv}
   (You found it on level 5 of the Elven Halls)

   Occasionally, upon striking a foe, it will discharge some electrical energy
   and cause terrible harm.
   It affects your AC (+5).
   It enhances your eyesight.
   It lets you go berserk.
   This weapon once belonged to Gar Dogh, the guard of a king's treasures.
   According to legend he was lost somewhere in the Dungeon.
 V - the +2,+10 spear of the Botono (quivered) {vamp, Noisy rPois rN+ Stlth--}
   (You took it off a deep elf priest on level 5 of the Elven Halls)

   It inflicts no extra harm, but heals its wielder somewhat when it strikes a
   living foe.
   It protects you from poison.
   It protects you from negative energy.
   It makes noises.
   It makes you much less stealthy.
   A really dark and malign artefact, which no wise man would even touch.
 W - the +9,+6 Wyrmbane {slay drac, +Rage rPois rF+ AC+5}
   (You found it on level 5 of the Shoals)

   This legendary weapon is deadly to all dragonkind.
   It also provides some protection from the breath attacks of dragons and other
   creatures.
   It affects your AC (+5).
   It protects you from fire.
   It protects you from poison.
   It lets you go berserk.
 Z - the +6,+6 Lehudib's crystal spear {return, Int+3}
   (You found it on level 8 of the Vaults)

   A skilled user can throw it in such a way that it will return to its owner.
   It affects your intelligence (+3).
   Presumably this relic led to the invention of the famous spell, or maybe the
   other way around.
Missiles
 n - 5 +0 throwing nets
Armour
 v - a +2 elven buckler of reflection (worn)
 G - the +4 wizard hat of Thacw (worn) {god gift, Str+3 Int-3}
   (Okawaru gifted it to you on level 20 of the Dungeon)

   It affects your strength (+3).
   It affects your intelligence (-3).
 K - the +4 robe of Augmentation (worn) {god gift, Str+4 Dex+4 Int+4}
   (Okawaru gifted it to you on level 8 of the Vaults)

   It affects your strength (+4).
   It affects your intelligence (+4).
   It affects your dexterity (+4).
 Q - a +2 cloak of preservation (worn)
Magical devices
 f - a wand of digging (11)
 h - a wand of fireball (5)
 k - a wand of disintegration (6)
 p - a wand of teleportation (6)
 N - a wand of fire (8)
 Y - a wand of invisibility (0)
Comestibles
 j - 2 honeycombs
Scrolls
 d - 2 scrolls of fog
 i - 3 scrolls of remove curse
 r - 2 scrolls of blinking
 t - 6 scrolls of recharging
 H - 4 scrolls of teleportation
 R - 5 scrolls of identify
Jewellery
 c - an uncursed ring of wizardry
 e - the amulet "Lyppaodi" (around neck) {Clar +Lev rElec rC+ SInv}
   (You acquired it on level 1 of the Realm of Zot)

   [amulet of clarity]

   It protects you from cold.
   It insulates you from electricity.
   It enhances your eyesight.
   It lets you levitate.
 o - an uncursed ring of regeneration
 q - a +0,+5 ring of slaying (left hand)
 w - an uncursed amulet of warding
 x - the cursed ring "Miabah" {rF++ Dam-2 MP+9}
   (You found it in a treasure trove)

   [ring of magical power]

   It affects your damage-dealing abilities (-2).
   It greatly protects you from fire.
   It has a curse placed upon it.
 z - an uncursed amulet of resist mutation
 A - the ring of Nisoimank (right hand) {MR Stlth++}
   (You found it on level 5 of the Shoals)

   [ring of protection from magic]

   It makes you much more stealthy.
 B - the ring of the Lonely Lives {rN+ Acc+2}
   (You found it on level 26 of the Dungeon)

   [ring of life protection]

   It affects your accuracy (+2).
 C - the amulet of Xom's Wantonness {cFly rN+}
   (You found it on level 6 of the Pits of Slime)

   [amulet of controlled flight]

   It protects you from negative energy.
 D - an uncursed ring of sustain abilities
 P - the amulet of Breshrunn {Spirit rC+}
   (You found it on level 5 of the Swamp)

   [amulet of guardian spirit]

   It protects you from cold.
 T - the ring "Bliar" {+Inv rElec Acc+4}
   (You found it on level 8 of the Vaults)

   [ring of invisibility]

   It affects your accuracy (+4).
   It insulates you from electricity.
 X - an uncursed ring of regeneration
Potions
 g - 6 potions of magic
 l - 2 potions of speed
 s - a potion of might
 F - 3 potions of agility
 I - 7 potions of healing
 M - 2 potions of restore abilities
 U - a potion of resistance
Magical staves
 b - a +4 rod of demonology (13/13)
   (You found it on level 8 of the Vaults)
Orbs of Power
 m - the Orb of Zot
Miscellaneous
 u - the horn of Geryon


   Skills:
 * Level 26 Fighting
 + Level 22 Short Blades
 - Level 2 Throwing
 O Level 27 Dodging
 O Level 27 Stealth
 O Level 27 Stabbing
 - Level 9 Shields
 - Level 10 Traps & Doors
 - Level 1 Unarmed Combat
 + Level 22 Spellcasting
 - Level 1 Charms
 - Level 1 Summonings
 + Level 2 Necromancy
 - Level 1 Translocations
 + Level 1 Transmutations
 - Level 2 Air Magic
 - Level 1 Invocations
 - Level 1 Evocations


You had 44 spell levels left.
You knew the following spells:

 Your Spells              Type           Power        Success   Level  Hunger
a - Apportation           Tloc           ####......   Excellent   1    None
b - Fulsome Distillation  Trmt/Necr      N/A          Excellent   1    None
c - Levitation            Air/Chrm       ####......   Excellent   2    None
d - Blink                 Tloc           N/A          Excellent   2    None
e - Repel Missiles        Air/Chrm       ####......   Excellent   2    None
f - Regeneration          Chrm/Necr      ####......   Great       3    None
g - Passwall              Erth/Trmt      ####......   Great       3    None
h - Abjuration            Summ           ####......   Great       3    None
i - Mephitic Cloud        Pois/Air/Conj  ####......   Great       3    None
j - Projected Noise       Hex            N/A          Excellent   2    None
k - Dispel Undead Necr    ####.....      Very         Good        4    None

Dungeon Overview and Level Annotations

Branches:
Dungeon (27/27)            Temple (1/1) D:4             Orc (4/4) D:9
    Elf (5/5) Orc:4          Lair (8/8) D:11          Swamp (5/5) Lair:3
 Shoals (5/5) Lair:4        Slime (6/6) Lair:8         Hive (2/2) D:14
  Vault (8/8) D:18          Blade (1/1) Vault:5       Crypt (5/5) Vault:3
   Tomb (0/3) Crypt:2         Dis (2/7) Hell            Coc (7/7) Hell
    Zot (5/5) D:27
    Geh: Hell:1         Tar: Hell:1

Altars:
Ashenzari
Cheibriados
Elyvilon
Fedhas
Kikubaaqudgha
Makhleb
Nemelex Xobeh
Okawaru
Sif Muna
The Shining One
Trog
Vehumet
Xom
Yredelemnul
Zin
Beogh
Jiyva

Shops:
D:5: * D:23: !! D:25: / D:26: ( Orc:2: (!( Orc:4: *=**? Elf:4: / Shoals:1: [( Vault:2: ? Vault:3: *[( Vault:5: !

Portals:
Hell: D:21 D:22 D:23 D:24 D:25 D:26 D:27 Dis:1

Dis:2*
Coc:1***
Coc:2*
Coc:3*


Coc:4 Coc:5* Coc:6** Coc:7** Abyss: D:23 D:25 D:26 D:27 Pan: D:21 D:24


Innate Abilities, Weirdness & Mutations

You are tiny and cannot use many weapons and most armour.
You have supernaturally acute eyesight.
You are a herbivore.
You cover ground extremely quickly.
You need consume almost no food.
You are partially covered in rugged brown scales (AC +2, +3% HP).
You can translocate small distances at will.
Your flesh is cold resistant.
Your flesh is heat resistant.
You passively map a small area around you.
Your system is resistant to poisons.
You heal very slowly.
You can spit moderately strong poison.


Message History

(Z) Zot
Where to? (* - list waypoints, Enter - D:1, ? - help)
There is a stone staircase leading up here.
You climb upwards.
You sense a powerful magical force warping space.
There is a stone staircase leading down here.
(D) Dungeon (T) Temple (O) Orcish Mines (E) Elven Halls (L) Lair (S) Swamp (A) Shoals (M) Slime Pits (H) Hive (V) Vaults (B) Hall of Blades (C) Crypt (W) Tomb (U) Hell (I) Dis (X) Cocytus (Z) Zot
Where to? (* - list waypoints, Enter - D:1, ? - help) You're already here!
Move the cursor to view the level map, or type ? for a list of commands.
Returning to the game...
You see here a dart.
There is an open door here.
There is a staircase leading out of the dungeon here.
Are you sure you want to win?
You have escaped!

......##........#
.##...##...##...#
####..##..####..#
####..##..####..#
.##...##...##...#
................#
.......>.......##
####.<##..######
####..##@.######
...)..<........##
................#
.##...##...##...#
####..##..####..#
####..##..####..#
.##...##...##...#
......##........#
.....####......'#


There were no monsters in sight!

Vanquished Creatures
  Antaeus (Coc:7)
  the royal jelly (Slime:6)
  8 orbs of fire (Zot:5)
  6 ancient liches
  Saint Roka (D:19)
  2 curse toes
  Norris (Shoals:3)
  Mara (Crypt:1)
  The ghost of tsouns the Slayer, a great MDBe of Trog (Vault:8)
  Margery (Vault:3)
  Mennas (Shoals:5)
  3 Killer Klowns
  Geryon (Hell)
  2 golden dragons
  Xtahua (Vault:7)
  Frederick (Vault:3)
  5 electric golems
  5 liches
  2 curse skulls
  A ghost moth (Zot:5)
  23 Orb Guardians (Zot:5)
  5 titans
  16 shadow dragons
  2 quicksilver dragons (Vault:8)
  2 deep elf blademasters (Elf:5)
  An acid blob (shapeshifter) (Vault:8)
  Kirke (Vault:1)
  2 sphinxes
  8 storm dragons
  Agnes (D:21)
  19 Ice Fiends
  11 acid blobs
  Frances (Shoals:4)
  2 draconian knights
  A Shadow Fiend (Coc:7)
  A draconian monk (Zot:2)
  Roxanne (Swamp:2)
  A kraken (Shoals:5)
  Murray (Hell)
  Ilsuiw (Shoals:5)
  Donald (Swamp:4)
  11 frost giants
  The ghost of popkiev the Necromancer, a powerful DDNe of Kikubaaqudgha (Swamp:2)
  16 tentacled monstrosities
  7 bone dragons
  Wiglaf (Vault:1)
  2 draconian scorchers (Zot:3)
  A draconian zealot (Zot:3)
  2 azure jellies (Slime:6)
  Maud (Vault:2)
  2 draconian annihilators
  60 stone giants
  4 fire giants
  4 draconian shifters
  The ghost of hackum the Whirler, a powerful HaHu of Okawaru (Lair:8)
  6 deep elf annihilators (Elf:5)
  2 Green Deaths
  3 green draconians
  4 black draconians
  A draconian caller (Zot:3)
  2 red draconians
  3 mottled draconians
  Jozef (Lair:1)
  7 deep elf death magi
  4 pale draconians
  6 deep elf sorcerers
  15 purple draconians
  A yellow draconian (Zot:3)
  Azrael (Elf:5)
  3 white draconians
  4 deep elf master archers (Elf:5)
  An ettin (shapeshifter) (Vault:8)
  13 ettins
  Snorg (D:18)
  3 great orbs of eyes
  A mummy priest (Crypt:2)
  22 vault guards
  A storm dragon zombie (Crypt:3)
  A great orb of eyes (shapeshifter) (Vault:8)
  10 dragons
  A minotaur (Lab)
  12 dancing weapons (Blade)
  9 sirens
  5 merfolk aquamancers
  2 death oozes (Slime:6)
  7 death cobs
  43 yaktaur captains
  Erica (D:12)
  2 storm dragon skeletons
  6 merfolk javelineers (Shoals:5)
  18 hydras
  Polyphemus (Shoals:3)
  An anaconda (shapeshifter) (Vault:8)
  28 ice dragons
  An alligator snapping turtle (Shoals:5)
  5 deep elf demonologists (Elf:5)
  Nessos (Swamp:3)
  2 deep trolls (shapeshifter)
  6 ogre magi
  The ghost of burntheheretic the Geomancer, an experienced TrEE of Okawaru (Hive:1)
  2 merfolk impalers (Shoals:5)
  3 alligators
  14 death yaks
  4 deep elf high priests
  29 deep trolls
  A fire giant zombie (Crypt:5)
  A sphinx skeleton (Vault:4)
  Nergalle (D:16)
  A sun demon (Hell)
  3 stone giant zombies
  17 centaur warriors
  14 very ugly things
  4 stone giant skeletons
  An emperor scorpion (shapeshifter) (Vault:8)
  33 ice devils
  A fire giant skeleton (Vault:6)
  6 soul eaters
  2 death drakes (shapeshifter) (D:27)
  100 skeletal warriors
  2 large large abominations
  7 sea snakes
  11 hell knights
  2 shadow wraiths
  5 unseen horrors
  A dire elephant skeleton (Crypt:5)
  8 iron trolls
  A white draconian zombie (Crypt:3)
  A giant orange brain (Slime:6)
  2 green draconian zombies (Crypt:3)
  A black draconian zombie (Coc:7)
  21 deep elf knights
  A pale draconian zombie (Crypt:3)
  A mottled draconian zombie (Dis:1)
  7 orc sorcerers
  10 hill giants
  A giant orange brain (shapeshifter) (D:25)
  A hellion (Dis:1)
  A wizard (Vault:2)
  8 ice statues
  20 harpies
  A sea snake zombie (Coc:1)
  4 flayed ghosts
  2 alligator snapping turtle skeletons (Crypt:1)
  10 giant amoebae
  A giant amoeba (shapeshifter) (Vault:8)
  A draconian (shapeshifter) (D:22)
  Pikel (D:9)
  2 lindwurms (shapeshifter) (D:27)
  30 orc knights
  An iron troll zombie (Crypt:2)
  A yellow draconian skeleton (Coc:5)
  A spiny worm (shapeshifter) (D:27)
  9 necromancers
  2 elves (shapeshifter)
  A green draconian skeleton (Dis:1)
  A siren zombie (Crypt:3)
  3 swamp dragons
  2 harpy zombies
  A hill giant (shapeshifter) (Vault:8)
  A sea snake skeleton (Coc:7)
  3 iron troll skeletons
  A mottled draconian skeleton (Coc:6)
  4 shining eyes
  A hydra zombie (Vault:1)
  6 griffons
  A white draconian skeleton (Coc:5)
  10 cyclopes
  A shining eye (shapeshifter) (Vault:8)
  8 statues
  3 oklob plants
  3 spiny worms
  A harpy (shapeshifter) (D:27)
  5 red wasps
  A moth of wrath (shapeshifter) (Vault:8)
  A cyclops (shapeshifter) (Vault:8)
  A red wasp (shapeshifter) (Vault:8)
  A harpy skeleton (Crypt:1)
  2 siren skeletons (Coc:1)
  5 phantasmal warriors
  Maurice (D:8)
  A hydra skeleton (D:15)
  2 death drake skeletons
  A red wasp zombie (Crypt:3)
  2 fire crabs (Vault:4)
  A griffon zombie (Crypt:4)
  3 weapon mimics
  26 elephants
  3 black mambas
  7 tormentors
  18 reapers
  2 wolf spiders
  2 elephant slugs
  12 ice dragon zombies
  A catoblepas skeleton (Crypt:5)
  2 spiny frogs (shapeshifter)
  A griffon skeleton (Crypt:1)
  2 spiny worm zombies
  11 ice dragon skeletons
  A stone giant simulacrum (D:20)
  19 moths of wrath
  An orange demon (Elf:5)
  2 ettin skeletons
  135 slime creatures
  8 guardian mummies (Crypt:2)
  17 spiny frogs
  2 elephants (shapeshifter) (Vault:8)
  3 hellwings
  7 slime creatures (shapeshifter)
  7 komodo dragons
  A queen ant zombie (Hell)
  A black mamba skeleton (Crypt:5)
  12 mermaids
  14 rock trolls
  3 hill giant zombies
  6 iron devils
  80 yaktaurs
  A hill giant skeleton (D:14)
  A rock troll (shapeshifter) (Vault:8)
  128 ugly things
  A redback (shapeshifter) (Vault:1)
  3 wandering mushrooms (Zot:3)
  14 trolls
  3 queen bees
  A spriggan (shapeshifter) (D:17)
  6 polar bears (Lair:8)
  A komodo dragon (shapeshifter) (D:27)
  3 bog mummies
  16 snapping turtles
  A human zombie (Crypt:1)
  A rock troll zombie (D:11)
  A redback (D:23)
  2 deep troll skeletons
  10 two-headed ogres
  11 blink frogs
  A snapping turtle (shapeshifter) (Vault:8)
  34 giant toads
  4 rotting hulks
  A spiny frog skeleton (Crypt:4)
  A giant firefly (shapeshifter) (Crypt:2)
  A rock troll skeleton (D:24)
  13 brown oozes
  A redback zombie (Coc:7)
  7 basilisks
  An ettin simulacrum (Crypt:2)
  A blink frog zombie (D:11)
  4 hairy devils
  15 wraiths
  A bumblebee (shapeshifter) (D:18)
  A demonic crawler (Crypt:2)
  14 deep elf summoners
  3 hogs (Vault:1)
  13 grizzly bears
  30 blue devils
  11 hippogriffs
  10 deep elf conjurers
  37 merfolk
  12 vampires
  4 wyverns
  Eustachio (D:4)
  7 fire drakes
  7 golden eyes
  7 sharks
  43 yaks
  5 steam dragons
  2 blink frog skeletons (Coc:7)
  2 neqoxecs
  7 hungry ghosts
  6 bumblebees
  Grum (D:8)
  A clay golem (D:20)
  An elephant skeleton (Crypt:2)
  A chaos spawn (Crypt:2)
  A viper skeleton (Crypt:2)
  20 deep elf fighters
  3 fire crab zombies
  2 fire elementals (Elf:5)
  12 manticores
  2 yaktaur zombies
  A giant slug zombie (D:22)
  A merfolk (shapeshifter) (Vault:8)
  Edmund (D:7)
  3 war dogs (D:8)
  12 water elementals
  A wyvern zombie (Crypt:1)
  A mermaid zombie (Crypt:5)
  2 mottled dragons (Swamp:5)
  A manticore (shapeshifter) (D:27)
  A manticore zombie (Hell)
  An orange crystal statue (Vault:7)
  65 vampire mosquitoes
  43 swamp worms
  36 freezing wraiths
  41 ice beasts
  A yaktaur skeleton (D:19)
  7 hell hounds
  78 insubstantial wisps
  9 deep elf priests
  A jumping spider zombie (Dis:1)
  3 cyclops skeletons
  12 necrophages
  A gargoyle (D:15)
  A wyvern skeleton (Crypt:1)
  A rock worm zombie (D:18)
  8 swamp drakes
  6 sky beasts
  2 yellow wasps
  20 giant goldfish
  7 phantoms
  2 queen bee zombies
  5 black bears (Lair:8)
  39 ogres
  A hippogriff zombie (Crypt:3)
  40 centaurs
  72 orc warriors
  A hippogriff skeleton (Hell)
  2 lava worms (Swamp:5)
  A boring beetle (shapeshifter) (D:27)
  4 red devils
  A wolf (D:14)
  A yak skeleton (Crypt:5)
  A big kobold (D:17)
  A grizzly bear skeleton (Crypt:3)
  15 wargs
  10 crocodiles
  2 boring beetle zombies
  5 boulder beetle zombies
  8 rotting devils
  A yellow wasp zombie (Crypt:1)
  10 giant slugs
  2 brain worms
  9 giant leeches
  A black bear zombie (Coc:6)
  An elf zombie (Elf:2)
  A giant frog zombie (Crypt:5)
  12 water moccasins
  32 deep elf magi
  26 giant frogs
  A tarantella (D:13)
  Blork the orc (D:8)
  6 agate snails
  A warg zombie (Crypt:2)
  A basilisk skeleton (D:12)
  13 boulder beetles
  A boulder beetle (shapeshifter) (Vault:8)
  A killer bee (shapeshifter) (Vault:8)
  6 eyes of draining
  201 killer bees
  22 wights
  A small abomination (Crypt:2)
  A lava snake (Hell)
  A pulsating lump (shapeshifter) (Vault:8)
  2 deep dwarf zombies
  27 electric eels
  3 killer bee zombies
  A dwarf zombie (Coc:6)
  31 jellyfish
  2 big kobold zombies
  3 kenku zombies
  A brain worm zombie (Coc:5)
  A goliath beetle (D:12)
  4 iron imps
  A lava fish (Swamp:5)
  26 big fish
  4 big kobold skeletons
  16 hounds
  A mottled dragon skeleton (Crypt:3)
  A quasit (D:6)
  20 imps
  22 shadows
  2 hound zombies
  13 orange rats
  9 worker ants
  2 iguanas
  23 orc priests
  32 orc wizards
  3 scorpions
  A naga zombie (Crypt:3)
  4 porcupines
  A hound skeleton (D:12)
  31 deep elf soldiers
  A worker ant zombie (D:5)
  6 orange rat zombies (Hell)
  A big fish zombie (Coc:7)
  4 orange rat skeletons (Hell)
  A swamp drake skeleton (Crypt:2)
  The ghost of c23 the Covered, a weakling MDFi (D:4)
  15 sheep
  17 jellies
  An orange rat simulacrum (Hell)
  4 boggarts (D:17)
  54 flying skulls
  A mummy (Coc:7)
  2 lemures
  16 snakes
  4 giant centipedes
  11 gnolls
  39 green rats
  A human (shapeshifter) (Vault:8)
  A shadow imp (Elf:5)
  An electric eel zombie (Coc:7)
  3 giant mites
  2 sheep zombies
  A snake zombie (Crypt:4)
  32 white imps
  2 iguana skeletons
  5 snake skeletons
  5 worms
  6 ufetubi
  16 grey rats
  A bat skeleton (Crypt:2)
  A bat zombie (D:5)
  8 giant eyeballs
  11 giant geckos
  199 orcs
  85 bats
  7 giant cockroaches
  25 goblins
  25 hobgoblins
  13 jackals
  19 kobolds
  5 oozes
  6 quokkas
  2 giant gecko skeletons (Coc:1)
  A giant gecko zombie (Crypt:4)
  9 giant newts
  A giant spore (D:16)
  A goblin skeleton (Crypt:1)
  A hobgoblin skeleton (Crypt:1)
  2 jackal skeletons
  A jackal zombie (Crypt:3)
  56 killer bee larvae
  2 orc skeletons
  3 orc zombies
  2 quokka skeletons
  A quokka zombie (Crypt:3)
  53 rats
  A rat zombie (Dis:2)
  5 small snakes
  A small snake skeleton (Crypt:5)
  2 ballistomycetes (D:16)
  A bush (Vault:5)
  2 butterflies (Shoals:5)
  4 fungi
  9 plants
  3 tentacles (Shoals:5)
  8 toadstools
4027 creatures vanquished.

Vanquished Creatures (others)
  An eldritch tentacle (Coc:2)
  An unseen horror (Crypt:2)
  A pale draconian skeleton (Coc:7)
  26 slime creatures
  A blink frog (Lair:8)
  2 steam dragons (Swamp:5)
  A vampire mosquito (Lair:8)
  A deep elf fighter (Elf:1)
  2 mottled dragons
  A swamp worm (Swamp:5)
  A deep elf priest (Elf:1)
  An orc warrior (D:20)
  An electric eel (Hive:1)
  A jellyfish (Coc:7)
  A wight (Coc:7)
  An orange rat (Crypt:2)
  An orc wizard (D:9)
  A flying skull (Coc:7)
  A snake skeleton (D:10)
  A snake (D:4)
  An ufetubus (Elf:1)
  A worm (D:9)
  8 orcs
  2 bats (D:18)
  4 grey rats
  2 hobgoblins
  A killer bee larva (Hive:1)
  2 rats
  74 eldritch tentacle segments (Coc:2)
  9 fungi (Lair:8)
  13 plants
  4 tentacles (Shoals:5)
  227 tentacle segments (Shoals:5)
  28 toadstools
423 creatures vanquished.

Grand Total: 4450 creatures vanquished

Notes
Turn   | Place    | Note
--------------------------------------------------------------
     0 | D:1      | Yermak, the Spriggan Assassin, began the quest for the Orb.
     0 | D:1      | Reached XP level 1. HP: 10/10 MP: 1/1
   236 | D:1      | Reached XP level 2. HP: 11/14 MP: 3/3
   255 | D:1      | Reached skill level 6 in Stealth
   908 | D:2      | Reached skill level 1 in Traps & Doors
   908 | D:2      | Reached XP level 3. HP: 15/18 MP: 5/5
   919 | D:2      | Reached skill level 5 in Stabbing
  1122 | D:2      | Reached skill level 7 in Stealth
  1664 | D:3      | Reached skill level 8 in Stealth
  1664 | D:3      | Reached XP level 4. HP: 22/22 MP: 7/7
  1664 | D:3      | Reached XP level 5. HP: 25/25 MP: 9/9
  1814 | D:3      | Reached skill level 9 in Stealth
  3209 | D:4      | Noticed c23's ghost (weakling MDFi)
  3285 | D:4      | Reached XP level 6. HP: 19/30 MP: 11/11
  3412 | D:4      | Reached skill level 10 in Stealth
  3601 | D:4      | Noticed Eustachio
  3623 | D:4      | Found a staircase to the Ecumenical Temple.
  3726 | D:5      | Entered Level 5 of the Dungeon
  3755 | D:5      | Found Offiwuarch's Assorted Antiques.
  4134 | D:5      | Reached XP level 7. HP: 15/34 MP: 13/13
  4291 | Temple   | Entered the Ecumenical Temple
  4332 | Temple   | Became a worshipper of Warmaster Okawaru
  5142 | D:4      | HP: 3/34 [orc priest/divine providence (8)]
  5151 | D:4      | Reached skill level 11 in Stealth
  5640 | D:4      | Defeated c23's ghost
  5779 | D:4      | Defeated Eustachio
  5779 | D:4      | Reached skill level 5 in Dodging
  5779 | D:4      | Reached XP level 8. HP: 18/39 MP: 15/15
  6087 | D:4      | Acquired Okawaru's first power
  7198 | D:6      | Reached skill level 12 in Stealth
  8013 | D:6      | Noticed CarbonBasedLifeform's ghost (experienced FeWr)
  8519 | D:7      | Reached XP level 9. HP: 39/43 MP: 17/17
  8542 | D:7      | Found a snail-covered altar of Cheibriados.
  8742 | D:7      | Noticed Edmund
  8760 | D:7      | Defeated Edmund
  9049 | D:8      | Found a bloodstained altar of Trog.
  9074 | D:8      | Reached skill level 1 in Spellcasting
  9086 | D:8      | Found a sparkling altar of Nemelex Xobeh.
  9179 | D:8      | Reached skill level 13 in Stealth
  9370 | D:8      | Noticed Grum
  9621 | D:8      | HP: 2/43 [orc warrior/runed orcish hand axe (14)]
 10086 | D:8      | Noticed Blork the orc
 10221 | D:8      | Defeated Blork the orc
 10398 | D:8      | Noticed Maurice
 10415 | D:8      | Reached skill level 5 in Traps & Doors
 10478 | D:8      | Defeated Maurice
 10478 | D:8      | Reached skill level 5 in Short Blades
 10478 | D:8      | Reached skill level 14 in Stealth
 10478 | D:8      | Reached skill level 10 in Stabbing
 10503 | D:8      | Identified a +1 cloak of preservation (You took it off Maurice on level 8 of the Dungeon)
 10611 | D:8      | HP: 4/43 [orc wizard/magic dart (8)]
 10872 | D:8      | Reached XP level 10. HP: 31/47 MP: 19/19
 11365 | D:8      | Defeated Grum
 11755 | D:8      | Found a glowing golden altar of the Shining One.
 12084 | D:9      | Found a white marble altar of Elyvilon.
 12095 | D:9      | Reached skill level 23 in Stealth
 12095 | D:9      | Reached XP level 11. HP: 51/51 MP: 20/20
 12105 | D:9      | Noticed Pikel
 12137 | D:9      | Defeated Pikel
 12269 | D:9      | Found a staircase to the Orcish Mines.
 12663 | D:9      | Learned a level 1 spell: Fulsome Distillation
 12965 | D:10     | Entered Level 10 of the Dungeon
 13293 | D:10     | Reached skill level 1 in Shields
 13624 | D:10     | Acquired Okawaru's second power
 13736 | D:10     | Reached skill level 1 in Evocations
 13897 | D:11     | Found a staircase to the Lair.
 13910 | Lair:1   | Entered Level 1 of the Lair of Beasts
 14503 | D:11     | Reached skill level 10 in Dodging
 14887 | D:11     | Reached skill level 24 in Stealth
 15577 | Lair:1   | Found a bloodstained altar of Trog.
 15577 | Lair:1   | Noticed Jozef
 15596 | Lair:1   | Defeated Jozef
 16871 | Lair:1   | Learned a level 2 spell: Levitation
 16893 | D:12     | Received a gift from Okawaru
 16920 | D:12     | Found a glowing silver altar of Zin.
 16925 | D:12     | Reached XP level 12. HP: 57/57 MP: 22/22
 17064 | D:12     | Noticed Erica
 17071 | D:12     | Defeated Erica
 17354 | D:12     | Reached skill level 5 in Fighting
 18181 | D:11     | Got a bloodstained short sword
 18303 | Lair:1   | Identified the short sword of Eternity {slice, rElec} (You found it on level 11 of the Dungeon)
 19186 | D:13     | Reached skill level 25 in Stealth
 19861 | D:14     | Reached skill level 1 in Transmutations
 20120 | D:14     | Learned a level 1 spell: Apportation
 20125 | D:14     | Learned a level 2 spell: Blink
 21350 | D:14     | Reached XP level 13. HP: 62/62 MP: 23/23
 21373 | D:14     | Found a staircase to the Hive.
 21438 | D:14     | Received a gift from Okawaru
 21439 | D:14     | Got a bone long sword {god gift}
 22017 | Hive:1   | Entered Level 1 of the Hive
 22020 | Hive:1   | Noticed burntheheretic's ghost (experienced TrEE)
 22154 | Hive:1   | Defeated burntheheretic's ghost
 22442 | Hive:2   | Entered Level 2 of the Hive
 23486 | Hive:2   | Received a gift from Okawaru
 23805 | Hive:2   | Reached skill level 26 in Stealth
 24423 | Hive:2   | Got a faintly glowing bone ring
 24941 | Hive:2   | Received a gift from Okawaru
 24942 | Hive:2   | Got a colourful robe {god gift}
 25136 | Hive:2   | Identified the -2 robe of the Volcano {god gift} (Okawaru gifted it to you on level 2 of the Hive)
 25398 | Hive:1   | Identified the ring "Frujuorue" (You found it on level 2 of the Hive)
 25555 | Lair:1   | Reached skill level 15 in Stabbing
 25972 | Lair:3   | Found a staircase to the Swamp.
 27669 | Lair:3   | Found a basalt altar of Yredelemnul.
 28374 | Lair:4   | Found a staircase to the Shoals.
 28650 | Lair:4   | Reached skill level 15 in Dodging
 29027 | Lair:5   | Received a gift from Okawaru
 29600 | Lair:5   | Reached XP level 14. HP: 67/67 MP: 24/24
 29925 | Lair:4   | Reached skill level 27 in Stealth
 30489 | Lair:6   | Reached skill level 10 in Traps & Doors
 31376 | Lair:7   | Reached skill level 5 in Shields
 31529 | Lair:6   | Received a gift from Okawaru
 32737 | Lair:8   | Entered Level 8 of the Lair of Beasts
 36340 | Lair:7   | Reached skill level 10 in Short Blades
 36624 | Lair:8   | Noticed hackum's ghost (powerful HaHu)
 36624 | Lair:8   | Reached XP level 15. HP: 71/71 MP: 25/25
 36700 | Lair:8   | Received a gift from Okawaru
 37152 | Lair:8   | Defeated hackum's ghost
 37929 | Lair:8   | Reached skill level 1 in Invocations
 38101 | Lair:8   | Received a gift from Okawaru
 38102 | Lair:8   | Got an ancient cap {god gift}
 38116 | Lair:8   | Identified the +0 cap "Firiu" {god gift} (Okawaru gifted it to you on level 8 of the Lair of Beasts)
 39589 | Lair:8   | Found a staircase to the Slime Pits.
 40087 | Orc:1    | Entered Level 1 of the Orcish Mines
 40111 | Orc:2    | Found Unwisuess' Antique Weapon Shoppe.
 40111 | Orc:2    | Found Prozema's Distillery.
 40190 | Orc:2    | Found Ewkaitaw's Weapon Boutique.
 40209 | Orc:2    | Noticed a rock troll
 40209 | Orc:2    | Noticed a rock troll
 40210 | Orc:2    | Noticed a rock troll
 40210 | Orc:2    | Noticed a rock troll
 40212 | Orc:2    | Found a roughly hewn altar of Beogh.
 40802 | Orc:4    | Entered Level 4 of the Orcish Mines
 40906 | Orc:4    | Received a gift from Okawaru
 40907 | Orc:4    | Got a transparent sling {god gift}
 40908 | Orc:4    | Identified the sling of Cowardice {god gift, venom, rPois rF++ rN+} (Okawaru gifted it to you on level 4 of the Orcish Mines)
 41026 | Orc:4    | Found Pleem's Magic Scroll Boutique.
 41591 | Orc:4    | Found a staircase to the Elven Halls.
 41982 | Orc:4    | Received a gift from Okawaru
 42056 | Orc:4    | Found a roughly hewn altar of Beogh.
 42208 | Orc:4    | HP: 2/74 [bolt trap (14)]
 42707 | Orc:4    | Found Xuapha's Assorted Antiques.
 42997 | Orc:4    | Found Bria's Assorted Antiques.
 43136 | Orc:4    | Found Visuth's General Store.
 43136 | Orc:4    | Found Shroddonoi's Jewellery Emporium.
 43677 | D:15     | Entered Level 15 of the Dungeon
 43694 | D:15     | Found a labyrinth entrance.
 43704 | Lab      | Entered a Labyrinth
 43914 | Lab      | Got a polished mace
 43914 | Lab      | Got a distressingly furry robe
 43914 | Lab      | Got a shimmering steel ring
 43914 | Lab      | Got an engraved book
 43915 | Lab      | Identified Jih Con's Volume of Displacement (You found it in a Labyrinth)
 43937 | Lab      | Identified the cursed -7 robe of the Elephant (You found it in a Labyrinth)
 43962 | D:15     | Identified the ring "Xougimm" (You found it in a Labyrinth)
 44058 | Lair:1   | Identified the mace "Vaacvakk" {vamp, Str+1} (You found it in a Labyrinth)
 44207 | D:15     | Got a polished spear
 44836 | D:15     | Noticed a gargoyle
 44841 | D:15     | Defeated a gargoyle
 45726 | D:16     | Received a gift from Okawaru
 45727 | D:16     | Got a shimmering short sword {god gift}
 45728 | D:16     | Identified the short sword of Gravity {god gift, pain, SInv} (Okawaru gifted it to you on level 16 of the Dungeon)
 46527 | D:16     | Reached XP level 16. HP: 79/79 MP: 26/26
 46689 | D:16     | Noticed Nergalle
 47081 | D:16     | Reached skill level 1 in Necromancy
 47300 | D:16     | Defeated Nergalle
 47300 | D:16     | Reached skill level 1 in Unarmed Combat
 47495 | D:16     | Received a gift from Okawaru
 47496 | D:16     | Got an ichor-stained flail {god gift}
 47497 | D:16     | Identified the flail of Gluttony {god gift, venom, *Rage SInv} (Okawaru gifted it to you on level 16 of the Dungeon)
 48340 | D:17     | Received a gift from Okawaru
 49268 | D:18     | Found a staircase to the Vaults.
 49404 | D:18     | Received a gift from Okawaru
 49520 | D:18     | Noticed Snorg
 49527 | D:18     | Defeated Snorg
 49753 | D:18     | Found a bloodstained altar of Trog.
 51199 | D:19     | Reached XP level 17. HP: 85/85 MP: 27/27
 51223 | D:19     | Noticed Saint Roka
 51276 | D:19     | Defeated Saint Roka
 51514 | D:19     | Received a gift from Okawaru
 51714 | D:19     | Got a slimy mace {god gift}
 51715 | D:19     | Identified the cursed mace "Teheyzo" {god gift, crush, +Lev rF- Curse} (Okawaru gifted it to you on level 19 of the Dungeon)
 53114 | D:20     | Entered Level 20 of the Dungeon
 54026 | D:20     | Received a gift from Okawaru
 54027 | D:20     | Got a faintly humming wizard hat {god gift}
 54063 | D:20     | Identified the +4 wizard hat of Thacw {god gift} (Okawaru gifted it to you on level 20 of the Dungeon)
 55433 | Swamp:1  | Entered Level 1 of the Swamp
 56960 | Swamp:2  | Reached skill level 10 in Fighting
 57033 | Swamp:2  | Noticed Roxanne
 57115 | Swamp:2  | Reached XP level 18. HP: 74/91 MP: 27/27
 57770 | Swamp:2  | Received a gift from Okawaru
 57771 | Swamp:2  | Got a ripped robe {god gift}
 57781 | Swamp:2  | Identified the +0 robe "Lonoiwk" {god gift} (Okawaru gifted it to you on level 2 of the Swamp)
 57786 | Swamp:2  | Noticed popkiev's ghost (powerful DDNe)
 57885 | Swamp:2  | Defeated popkiev's ghost
 58520 | Swamp:3  | Noticed Nessos
 58559 | Swamp:3  | Defeated Nessos
 58716 | Swamp:1  | You fall through a shaft!
 59354 | Swamp:3  | Paralysed by a red wasp for 2 turns
 60341 | Swamp:4  | Noticed Donald
 60741 | Swamp:4  | Defeated Donald
 62343 | Swamp:5  | Entered Level 5 of the Swamp
 63029 | Swamp:5  | Received a gift from Okawaru
 63030 | Swamp:5  | Got a crude buckler {god gift}
 63082 | Swamp:5  | Identified the +3 buckler "Stoc" {god gift} (Okawaru gifted it to you on level 5 of the Swamp)
 63589 | Swamp:5  | Got a decaying rune of Zot
 64011 | Swamp:5  | Got a twitching ruby amulet
 64015 | Swamp:5  | Identified the amulet of Breshrunn (You found it on level 5 of the Swamp)
 64897 | Swamp:2  | Defeated Roxanne
 64899 | Swamp:2  | Got an engraved book
 64900 | Swamp:2  | Identified Roxanne's Tome of Ashen Changing (You took it off Roxanne on level 2 of the Swamp)
 65067 | Shoals:1 | Entered Level 1 of the Shoals
 65143 | Shoals:1 | Found Wacueron's Antique Weapon Boutique.
 65159 | Shoals:1 | Found Guvuunom's Armour Shop.
 66678 | Shoals:3 | Noticed Norris
 66685 | Shoals:3 | Defeated Norris
 66685 | Shoals:3 | Reached XP level 19. HP: 95/95 MP: 16/28
 66845 | Shoals:3 | Noticed Polyphemus
 66847 | Shoals:3 | Defeated Polyphemus
 67197 | Shoals:3 | Received a gift from Okawaru
 67260 | Shoals:3 | Got a fine robe {god gift}
 67267 | Shoals:3 | Identified the -1 robe of Purpose {god gift} (Okawaru gifted it to you on level 3 of the Shoals)
 68817 | Shoals:4 | Noticed Frances
 68828 | Shoals:4 | Defeated Frances
 69678 | Shoals:5 | Entered Level 5 of the Shoals
 69774 | Shoals:5 | Got a barnacled rune of Zot
 69865 | Shoals:5 | Noticed Mennas
 69867 | Shoals:5 | Defeated Mennas
 70996 | Shoals:5 | Received a gift from Okawaru
 70997 | Shoals:5 | Got a steaming short sword {god gift}
 71007 | Shoals:5 | Identified the short sword of Okawaru's Approval {god gift, slice, rElec rF+ Str-3 Stlth+} (Okawaru gifted it to you on level 5 of the Shoals)
 71464 | Shoals:5 | Noticed Ilsuiw
 71468 | Shoals:5 | Reached skill level 1 in Translocations
 71638 | Shoals:5 | Defeated Ilsuiw
 71763 | Shoals:5 | Reached XP level 20. HP: 102/102 MP: 22/29
 71765 | Shoals:5 | Got a twitching amber ring
 72264 | Shoals:5 | Got a scale-covered lance
 73016 | Lair:1   | Identified the Wyrmbane {slay drac, +Rage rPois rF+ AC+5} (You found it on level 5 of the Shoals)
 73180 | Elf:1    | Entered Level 1 of the Elven Halls
 74496 | Elf:2    | Got a twisted robe
 75036 | Elf:2    | Found a frozen archway.
 75074 | IceCv    | Entered an ice cave
 75474 | Elf:2    | Identified the +2 robe of Death Resistance (You found it on level 2 of the Elven Halls)
 75621 | Elf:3    | Received a gift from Okawaru
 75622 | Elf:3    | Got a wizard robe {god gift}
 75639 | Elf:3    | Got a brightly glowing broad axe
 75680 | Elf:2    | Identified the +0 robe of Jigsaw {god gift} (Okawaru gifted it to you on level 3 of the Elven Halls)
 76030 | Elf:4    | Found Mimoupna's Magical Wand Shoppe.
 76304 | Elf:5    | Entered Level 5 of the Elven Halls
 76498 | Elf:4    | Identified the ring of Nisoimank (You found it on level 5 of the Shoals)
 76501 | Elf:4    | Identified a scroll of acquirement
 76970 | Elf:5    | Found a magical portal.
 76980 | WizLab   | Entered Iskenderun's Mystic Tower
 77700 | WizLab   | Got a blackened book
 77700 | WizLab   | Got a rare book
 77703 | WizLab   | Identified Iskenderun's Tome of Flying Battle Magic (You found it in Iskenderun's Mystic Tower)
 77703 | WizLab   | Identified Iskenderun's Papyrus of Confrontation (You found it in Iskenderun's Mystic Tower)
 78302 | Elf:5    | Noticed a deep elf blademaster
 78444 | Elf:5    | Noticed a deep elf master archer
 78531 | Elf:5    | Defeated a deep elf blademaster
 78670 | Elf:5    | Defeated a deep elf master archer
 78853 | Elf:5    | Noticed a deep elf blademaster
 78854 | Elf:5    | Noticed a deep elf master archer
 78856 | Elf:5    | Defeated a deep elf master archer
 78943 | Elf:5    | Defeated a deep elf blademaster
 78943 | Elf:5    | Reached XP level 21. HP: 93/109 MP: 0/29
 78967 | Elf:5    | Noticed a deep elf master archer
 79250 | Elf:5    | Noticed Azrael
 79292 | Elf:5    | Defeated Azrael
 79582 | Elf:5    | Got an ebony spear
 79612 | Elf:5    | Noticed a deep elf master archer
 79624 | Elf:5    | Defeated a deep elf master archer
 79876 | Elf:5    | Got a smoking dagger
 80142 | Elf:5    | Defeated a deep elf master archer
 80277 | Elf:5    | Got a polished glaive
 80301 | Elf:5    | Got a pitted lapis lazuli ring
 80303 | Elf:5    | Got a colourful book
 80304 | Elf:5    | Identified Sif Muna's Compendium of Warped Calling (You found it on level 5 of the Elven Halls)
 80309 | Elf:5    | Got a twisted flail
 80311 | Elf:5    | Got a blue sling
 80344 | Elf:5    | Identified the ring "Cutat" (You found it on level 5 of the Elven Halls)
 80370 | Elf:5    | Identified the sling "Punk" {frost, rC+} (You found it on level 5 of the Elven Halls)
 80371 | Elf:5    | Identified the flail "Anlocam" {flame, -TELE rF++ rC++} (You found it on level 5 of the Elven Halls)
 80853 | Lair:1   | Identified the spear of the Botono {vamp, Noisy rPois rN+ Stlth--} (You took it off a deep elf priest on level 5 of the Elven Halls)
 80882 | Lair:1   | Identified the cursed +0,-1 dagger "Spiderbane" (You took it off a deep elf soldier on level 5 of the Elven Halls)
 81652 | Lair:1   | Identified the cursed broad axe of Qiupuomysa {chop, Dex-2} (You found it on level 3 of the Elven Halls)
 81846 | Vault:1  | Entered Level 1 of the Vaults
 81884 | Vault:1  | Noticed Wiglaf
 81891 | Vault:1  | Defeated Wiglaf
 81992 | Vault:1  | Noticed Kirke
 82003 | Vault:1  | Defeated Kirke
 82326 | Vault:1  | Noticed a deep elf conjurer
 82326 | Vault:1  | Noticed a deep elf conjurer
 82332 | Vault:1  | Defeated a deep elf conjurer
 82341 | Vault:1  | Defeated a deep elf conjurer
 82795 | Vault:2  | Found Phie's Magic Scroll Shop.
 82805 | Vault:2  | Bought a scroll of enchant weapon II for 110 gold pieces
 82825 | Vault:2  | Noticed Maud
 82919 | Vault:2  | Defeated Maud
 82919 | Vault:2  | Received a gift from Okawaru
 82963 | Vault:2  | Got a bloodstained crossbow {god gift}
 82964 | Vault:2  | Identified the crossbow of the Genius {god gift, frost, rN+ Dex+4 Curse} (Okawaru gifted it to you on level 2 of the Vaults)
 84159 | Vault:3  | Received a gift from Okawaru
 84187 | Vault:3  | Found a staircase to the Crypt.
 84319 | Vault:3  | Found Brie's Weapon Shop.
 84485 | Vault:3  | Noticed Frederick
 84489 | Vault:3  | Found Olur Ali's Armour Shoppe.
 84526 | Vault:3  | Defeated Frederick
 84664 | Vault:3  | Found Psawanan's Assorted Antiques.
 84672 | Vault:3  | Bought a sparkling ruby amulet for 1050 gold pieces
 84673 | Vault:3  | Identified the amulet "Sto Cef" (You bought it in a shop on level 3 of the Vaults)
 84739 | Vault:3  | Gained mutation: Your flesh is heat resistant.
 84742 | Vault:3  | Gained mutation: Armour fits poorly on your unusually shaped body.
 84889 | Vault:3  | Noticed Margery
 84934 | Vault:3  | Defeated Margery
 84934 | Vault:3  | Reached XP level 22. HP: 116/116 MP: 24/30
 85453 | Vault:4  | Received a gift from Okawaru
 85454 | Vault:4  | Got an ichor-stained sabre {god gift}
 85455 | Vault:4  | Identified the sabre "Transmigrator" {god gift, holy, MR} (Okawaru gifted it to you on level 4 of the Vaults)
 85740 | Vault:4  | Found a portal to a secret trove of treasure.
 85806 | Vault:4  | Got a brightly glowing bronze amulet
 85807 | Vault:4  | Identified the amulet "Giphom" (You acquired it on level 4 of the Vaults)
 86027 | Vault:4  | Found a deep blue altar of Sif Muna. 86940
                  | trove
                  | Entered a treasure trove 86952
                  | trove
                  | Got a flickering tin ring 86964
                  | trove
                  | Got a shimmering cap
 86993 | Vault:4  | Identified the ring "Miabah" {MP+9} (You found it in a treasure trove)
 87014 | Vault:4  | Identified the +1 cap of the Pits of Slime (You found it in a treasure trove)
 87176 | Vault:5  | Found Couloor's Distillery.
 87304 | Vault:5  | Found a staircase to the Hall of Blades.
 87323 | Blade    | Entered the Hall of Blades
 88631 | Vault:6  | Received a gift from Okawaru
 88749 | Vault:6  | Reached XP level 23. HP: 123/123 MP: 23/30
 89610 | Vault:7  | Noticed Xtahua
 89677 | Vault:7  | Defeated Xtahua
 89677 | Vault:7  | Reached skill level 15 in Fighting
 89860 | Vault:7  | Learned a level 2 spell: Repel Missiles
 89867 | Vault:7  | Learned a level 3 spell: Regeneration
 89920 | Vault:7  | Received a gift from Okawaru
 90377 | Vault:7  | Reached XP level 24. HP: 117/130 MP: 0/31
 90549 | Vault:7  | Reached skill level 27 in Stabbing
 90766 | Vault:7  | Found a gateway to a bazaar. 90771
                  | bazaar
                  | Entered a bazaar 90771
                  | bazaar
                  | Found Piqiupad's Antique Armour Shop. 90771
                  | bazaar
                  | Found Klopsac's Antique Armour Shop. 90772
                  | bazaar
                  | Found Qitelur's Antique Weapon Shoppe. 90773
                  | bazaar
                  | Found Oweum's Jewellery Boutique.
 91463 | Vault:8  | Entered Level 8 of the Vaults
 91657 | Vault:7  | Reached skill level 27 in Dodging
 92756 | Vault:8  | Received a gift from Okawaru
 93391 | Vault:8  | Noticed a golden dragon
 93393 | Vault:8  | Defeated a golden dragon
 93468 | Vault:8  | Got a flickering lead ring
 93910 | Vault:8  | Noticed tsouns' ghost (great MDBe)
 94296 | Lair:1   | Identified a +1 rod of striking (6/6) (You found it on level 8 of the Vaults)
 94636 | Vault:8  | Defeated tsouns' ghost
 94636 | Vault:8  | Reached skill level 5 in Spellcasting
 94721 | Vault:8  | Noticed a pulsating lump
 94722 | Vault:8  | A pulsating lump changed into a merfolk
 94735 | Vault:8  | An eye of devastation changed into a shining eye
 94745 | Vault:8  | A shining eye changed into a hill giant
 94782 | Vault:8  | An eye of devastation changed into a shining eye
 94783 | Vault:8  | A shining eye changed into a merfolk
 94786 | Vault:8  | A merfolk changed into a pulsating lump
 94920 | Vault:8  | Got a crystal spear
 94924 | Vault:8  | Identified the Lehudib's crystal spear {return, Int+3} (You found it on level 8 of the Vaults)
 94939 | Vault:8  | Got a crystal quarterstaff
 95034 | Vault:8  | Noticed a shining eye
 95070 | Vault:8  | Received a gift from Okawaru
 95071 | Vault:8  | Got a steaming buckler {god gift}
 95140 | Vault:8  | Identified the +1 buckler of Dublul {god gift} (Okawaru gifted it to you on level 8 of the Vaults)
 95388 | Vault:8  | Reached XP level 25. HP: 120/137 MP: 3/37
 95632 | Vault:8  | Identified the ring of Stryh Nigg (You found it on level 8 of the Vaults)
 95908 | Vault:8  | Noticed a deep elf high priest
 95908 | Vault:8  | Noticed a deep elf death mage
 95950 | Vault:8  | Noticed a bone dragon
 96031 | Vault:8  | Defeated a deep elf death mage
 96053 | Vault:8  | Defeated a deep elf high priest
 96869 | Vault:8  | An emperor scorpion changed into a shining eye
 96877 | Vault:8  | Defeated a shining eye
 97141 | Vault:8  | Defeated a bone dragon
 97466 | Vault:8  | Noticed a quicksilver dragon
 97469 | Vault:8  | Defeated a quicksilver dragon
 97471 | Vault:8  | Noticed a deep elf sorcerer
 97506 | Vault:8  | Defeated a deep elf sorcerer
 97518 | Vault:8  | Noticed a deep elf death mage
 97527 | Vault:8  | Got a crude iron ring
 97548 | Vault:8  | Defeated a deep elf death mage
 97551 | Vault:8  | Noticed a deep elf death mage
 97573 | Vault:8  | Defeated a deep elf death mage
 97769 | Vault:8  | Noticed a quicksilver dragon
 97776 | Vault:8  | Defeated a quicksilver dragon
 97839 | Vault:8  | Identified a +4 rod of summoning (9/9) (You found it on level 8 of the Vaults)
 97861 | Vault:8  | A deep troll changed into a shining eye
 97866 | Vault:8  | A shining eye changed into a rock troll
 97948 | Vault:8  | Noticed a pulsating lump
 97977 | Vault:8  | Defeated a pulsating lump
 98016 | Vault:8  | Received a gift from Okawaru
 98016 | Vault:8  | Reached XP level 26. HP: 145/145 MP: 25/40
 98017 | Vault:8  | Got a silk robe {god gift}
 98045 | Vault:8  | Identified the +4 robe of Augmentation {god gift} (Okawaru gifted it to you on level 8 of the Vaults)
 98099 | Vault:8  | Got a silver rune of Zot
 98103 | Vault:8  | Got a sparkling amber ring
 98119 | Vault:8  | Got a levitating book
 98120 | Vault:8  | Identified Trypek's Collected Works on the Snowflakes (You found it on level 8 of the Vaults)
 98123 | Vault:8  | Identified a +4 rod of demonology (13/13) (You found it on level 8 of the Vaults)
 98136 | Vault:8  | Identified the cursed ring of Conflict (You found it on level 8 of the Vaults)
 98137 | Vault:8  | Identified the ring "Bliar" (You found it on level 8 of the Vaults)
 98879 | D:21     | Reached skill level 10 in Spellcasting
 99262 | D:21     | Found a one-way gate leading to the halls of Pandemonium.
 99396 | D:21     | Got a transparent quarterstaff
 99447 | D:21     | Noticed Agnes
 99456 | D:21     | Defeated Agnes
 99824 | D:21     | Found a gateway to Hell.
100158 | D:21     | Got an ichor-stained ice dragon armour
100161 | D:21     | Got a fine mace
100173 | D:21     | Identified the quarterstaff of Demand {crush, rPois rN+} (You found it on level 21 of the Dungeon)
100174 | D:21     | Identified the mace "Xom's Esteem" {crush, rN+ MR Int-3} (You found it on level 21 of the Dungeon)
100192 | D:21     | Identified the +7 ice dragon armour "Vybryohu" (You found it on level 21 of the Dungeon)
100260 | D:21     | Reached skill level 1 in Charms
100568 | D:22     | Reached skill level 1 in Air Magic
100619 | D:22     | Received a gift from Okawaru
100789 | D:22     | Found an iron altar of Okawaru.
101047 | D:23     | Noticed a deep elf mage
101050 | D:23     | Noticed a deep elf conjurer
101054 | D:23     | Defeated a deep elf mage
101061 | D:23     | Defeated a deep elf conjurer
101086 | D:23     | Found a one-way gate to the infinite horrors of the Abyss.
101087 | D:23     | Found Bexupt's Distillery.
101149 | D:23     | Received a gift from Okawaru
101321 | D:23     | Found Xustrah's Distillery.
102781 | D:25     | Entered Level 25 of the Dungeon
103006 | D:25     | Received a gift from Okawaru
103206 | D:25     | Found Hec Deerph's Magical Wand Emporium.
103697 | D:26     | Found a flickering gateway to a bazaar. 103745
                  | bazaar
                  | Entered a bazaar 103745
                  | bazaar
                  | Found Loakhluh's Antique Armour Shop. 103769
                  | bazaar
                  | Found Mimeuh's Antique Weapon Shop. 103789
                  | bazaar
                  | Found Yssim's Distillery. 103798
                  | bazaar
                  | Bought a potion of heal wounds for 42 gold pieces 103798
                  | bazaar
                  | Bought a potion of heal wounds for 42 gold pieces
103859 | D:26     | Found Zuezaciu's Weapon Shop.
103861 | D:26     | Got a pitted glass ring
104047 | D:26     | Reached XP level 27. HP: 155/155 MP: 42/43
104665 | D:27     | Entered Level 27 of the Dungeon
105064 | D:26     | Got a steaming buckler
105070 | D:26     | Identified the +2 buckler "Dieffuky" (You found it on level 26 of the Dungeon)
105125 | D:27     | Noticed a bone dragon
105129 | D:27     | Reached skill level 15 in Short Blades
105195 | D:27     | Defeated a bone dragon
105203 | D:27     | Received a gift from Okawaru
105877 | D:27     | Identified the ring of the Lonely Lives (You found it on level 26 of the Dungeon)
106613 | D:27     | Noticed an ancient lich
106618 | D:27     | Defeated an ancient lich
107339 | D:27     | Noticed a deep elf high priest
107401 | D:27     | Defeated a deep elf high priest
107735 | D:27     | Received a gift from Okawaru
107955 | D:27     | Gained mutation: You are agile (Dex +1).
108561 | Orc:4    | Bought an uncursed amulet of resist corrosion for 380 gold pieces
108865 | Slime:1  | Entered Level 1 of the Pits of Slime
109266 | Slime:2  | Gained mutation: You can spit poison.
109274 | Slime:2  | Paralysed by a giant eyeball for 4 turns
109563 | Slime:1  | Gained mutation: Your magical capacity is low (-10% MP).
109569 | Slime:1  | Gained mutation: Space occasionally distorts in your vicinity.
110526 | Slime:6  | Entered Level 6 of the Pits of Slime
110640 | Slime:6  | Reached skill level 15 in Spellcasting
110705 | Slime:6  | Paralysed by a giant eyeball for 4 turns
110752 | Slime:6  | Received a gift from Okawaru
110753 | Slime:6  | Got a faintly humming robe {god gift}
110766 | Slime:6  | Identified the +1 robe "Inom" {god gift} (Okawaru gifted it to you on level 6 of the Pits of Slime)
111257 | Slime:6  | Found a viscous altar of Jiyva.
111290 | Slime:6  | Noticed the royal jelly
111298 | Slime:6  | Defeated the royal jelly
111324 | Slime:6  | Got an iridescent spear
111436 | Slime:6  | Got a warped battleaxe
111449 | Slime:6  | Got a heavily runed garnet amulet
111451 | Slime:6  | Got a slimy rune of Zot
111826 | Lair:1   | Identified a +7 rod of destruction [fire] (14/14) (You found it on level 6 of the Pits of Slime)
111831 | Lair:1   | Identified the spear of the Beast {flame, rF+} (You found it on level 6 of the Pits of Slime)
111844 | Lair:1   | Identified the amulet of Xom's Wantonness (You found it on level 6 of the Pits of Slime)
112139 | Lair:1   | Lost mutation: Armour fits poorly on your unusually shaped body.
112139 | Lair:1   | Lost mutation: You are agile (Dex +1).
112139 | Lair:1   | Lost mutation: Your magical capacity is low (-10% MP).
112139 | Lair:1   | Lost mutation: Your flesh is heat resistant.
112152 | Lair:1   | Gained mutation: You tend to lose your temper in combat.
112152 | Lair:1   | Gained mutation: Your flesh is cold resistant.
112152 | Lair:1   | Gained mutation: You are partially covered in iridescent scales (AC +4).
112153 | Lair:1   | Gained mutation: Armour fits poorly on your unusually shaped body.
112153 | Lair:1   | Gained mutation: You are clumsy (Dex -1).
112154 | Lair:1   | Gained mutation: You have a pair of small horns on your head.
112154 | Lair:1   | Gained mutation: You often lose your temper in combat.
112155 | Lair:1   | Lost mutation: You have a pair of small horns on your head.
112155 | Lair:1   | Gained mutation: You are partially covered in rugged brown scales (AC +2, +3% HP).
112157 | Lair:1   | Gained mutation: You heal slowly.
112158 | Lair:1   | Gained mutation: Armour fits poorly on your deformed body.
112159 | Lair:1   | Gained mutation: Armour fits poorly on your badly deformed body.
112159 | Lair:1   | Lost mutation: Space occasionally distorts in your vicinity.
112160 | Lair:1   | Gained mutation: You are frail (-10% HP).
112161 | Lair:1   | Gained mutation: You can spit moderately strong poison.
112162 | Lair:1   | Gained mutation: Your body is slowly deteriorating.
112163 | Lair:1   | Lost mutation: You are clumsy (Dex -1).
112164 | Lair:1   | Lost mutation: You often lose your temper in combat.
112164 | Lair:1   | Gained mutation: You can translocate small distances at will.
112166 | Lair:1   | Gained mutation: Space occasionally distorts in your vicinity.
112167 | Lair:1   | Lost mutation: Armour fits poorly on your badly deformed body.
112167 | Lair:1   | Lost mutation: Armour fits poorly on your deformed body.
112168 | Lair:1   | Lost mutation: Armour fits poorly on your unusually shaped body.
112168 | Lair:1   | Lost mutation: You are partially covered in iridescent scales (AC +4).
112170 | Lair:1   | Gained mutation: You passively map a small area around you.
112171 | Lair:1   | Lost mutation: You tend to lose your temper in combat.
112172 | Lair:1   | Lost mutation: Space occasionally distorts in your vicinity.
112172 | Lair:1   | Lost mutation: You are frail (-10% HP).
112172 | Lair:1   | Gained mutation: Your muscles are flexible, but weak (Str -1, Dex +1).
112173 | Lair:1   | Gained mutation: Your body is deteriorating.
112173 | Lair:1   | Gained mutation: Your flesh is heat resistant.
112174 | Lair:1   | Lost mutation: Your body is deteriorating.
112175 | Lair:1   | Lost mutation: Your muscles are flexible, but weak (Str -1, Dex +1).
112176 | Lair:1   | Gained mutation: Your system is resistant to poisons.
112176 | Lair:1   | Lost mutation: Your body is slowly deteriorating.
112248 | Lair:1   | Learned a level 3 spell: Passwall
112252 | Lair:1   | Learned a level 3 spell: Abjuration
112256 | Lair:1   | Learned a level 3 spell: Mephitic Cloud
112259 | Lair:1   | Learned a level 2 spell: Projected Noise
112525 | Hell     | Entered the Vestibule of Hell
112525 | Hell     | Noticed Geryon
112527 | Hell     | Defeated Geryon
112558 | Hell     | Noticed Murray
112993 | Hell     | Defeated Murray
113018 | Coc:1    | Entered Level 1 of Cocytus
113899 | Coc:2    | Received a gift from Okawaru
113900 | Coc:2    | Got a smoking robe {god gift}
113916 | Coc:2    | Identified the +2 robe of Good Intentions {god gift} (Okawaru gifted it to you on level 2 of Cocytus)
114534 | Crypt:1  | Entered Level 1 of the Crypt
115180 | Crypt:1  | Noticed Mara
115185 | Crypt:1  | Noticed Yermak's illusion
115186 | Crypt:1  | Defeated Mara
115818 | Crypt:2  | Reached skill level 1 in Summonings
115832 | Crypt:2  | Found a staircase to the Tomb.
115948 | Crypt:2  | Noticed a large abomination
115948 | Crypt:2  | Noticed a reaper
115948 | Crypt:2  | Noticed a small abomination
115991 | Crypt:2  | Defeated a large abomination
116056 | Crypt:2  | Defeated a small abomination
116062 | Crypt:2  | Defeated a reaper
117666 | Crypt:4  | Received a gift from Okawaru
118442 | Crypt:5  | Entered Level 5 of the Crypt
119812 | Crypt:5  | Noticed an ancient lich
119812 | Crypt:5  | Noticed a lich
119833 | Crypt:5  | Defeated an ancient lich
120272 | Crypt:5  | Defeated a lich
120314 | Crypt:5  | Got a twitching lapis lazuli ring
120323 | Crypt:5  | Got a warped war axe
120325 | Crypt:5  | Got a faintly glowing whip
120349 | Crypt:5  | Got a brightly glowing flail
120351 | Crypt:5  | Identified the whip "Schitok" {holy, +Blink Dex+2 Int+2} (You found it on level 5 of the Crypt)
120352 | Crypt:5  | Identified the flail "Paaci" {freeze, rC+ Dex+2} (You found it on level 5 of the Crypt)
120356 | Crypt:5  | Identified the war axe of Kasuv {holy, +Rage rPois Str+2} (You found it on level 5 of the Crypt)
120380 | Crypt:5  | Identified the ring "Stapub" (You found it on level 5 of the Crypt)
121074 | Orc:4    | Bought a scroll of acquirement for 572 gold pieces
121474 | Zot:1    | Entered Level 1 of the Realm of Zot
121476 | Zot:1    | Got a steaming pewter amulet
121477 | Zot:1    | Identified the amulet "Lyppaodi" (You acquired it on level 1 of the Realm of Zot)
124593 | Zot:4    | Received a gift from Okawaru
125365 | Zot:5    | Entered Level 5 of the Realm of Zot
126047 | Zot:5    | Noticed an ancient lich
126050 | Zot:5    | Defeated an ancient lich
126056 | Zot:5    | Noticed an ancient lich
126064 | Zot:5    | Defeated an ancient lich
126205 | Zot:5    | Noticed an orb of fire
126310 | Zot:5    | Defeated an orb of fire
126384 | Zot:5    | Noticed an orb of fire
126419 | Zot:5    | Gained mutation: You are frail (-10% HP).
126495 | Zot:5    | Defeated an orb of fire
126729 | Zot:5    | Noticed an ancient lich
126736 | Zot:5    | Defeated an ancient lich
126746 | Zot:5    | Noticed an orb of fire
126803 | Zot:5    | Defeated an orb of fire
127237 | Zot:5    | Noticed an orb of fire
127351 | Zot:5    | Defeated an orb of fire
127575 | Zot:5    | Noticed an orb of fire
127621 | Zot:5    | Noticed an orb of fire
127712 | Zot:5    | Noticed an orb of fire
127749 | Zot:5    | Noticed an ancient lich
128042 | Zot:5    | Gained mutation: You heal very slowly.
128056 | Zot:5    | Defeated an orb of fire
128111 | Zot:5    | Defeated an orb of fire
128319 | Zot:5    | Lost mutation: You are frail (-10% HP).
128371 | Zot:5    | Defeated an orb of fire
128444 | Zot:5    | Noticed an orb of fire
128460 | Zot:5    | Defeated an ancient lich
128533 | Zot:5    | Defeated an orb of fire
128999 | D:17     | Received a gift from Okawaru
129000 | D:17     | Got a dazzling short sword {god gift}
129001 | D:17     | Identified the short sword "Siskafal" {god gift, slice, +Inv} (Okawaru gifted it to you on level 17 of the Dungeon)
130442 | Coc:7    | Entered Level 7 of Cocytus
130942 | Coc:7    | HP: 17/174 [Ice Fiend[the effects of Hell] (22)]
131902 | Coc:7    | Received a gift from Okawaru
132751 | Coc:7    | HP: 13/174 [Ice Fiend/torment (11)]
134580 | Coc:5    | Received a gift from Okawaru
134581 | Coc:5    | Got a dull robe {god gift}
134609 | Coc:5    | Identified the +2 robe "Hiarph" {god gift} (Okawaru gifted it to you on level 5 of Cocytus)
134954 | Coc:7    | Noticed Antaeus
136172 | Coc:7    | Defeated Antaeus
136380 | Coc:7    | Got an icy rune of Zot
136384 | Coc:7    | Got a slimy robe
136387 | Coc:7    | Got a colourful book
136388 | Coc:7    | Identified the Disquisition on Aerial Enhancements (You found it on level 7 of Cocytus)
136569 | Coc:7    | Got an engraved book
136570 | Coc:7    | Identified the Catalogue of Summoning (You found it on level 7 of Cocytus)
137226 | Lair:1   | Identified the +2 robe of Schufy (You found it on level 7 of Cocytus)
137258 | Lair:1   | Learned a level 4 spell: Dispel Undead
137762 | Dis:1    | Entered Level 1 of the Iron City of Dis
139329 | Zot:5    | Got the Orb of Zot
139393 | Zot:4    | Noticed Wioxo the pandemonium lord
140347 | D:$      | Escaped with the Orb!
